Unix NetHack Version 5.0.0-0 post-release - last build May 17 2026 04:57:42 (dc50c8380fa5e20985bfe3072449f57b8d9895ef,branch:main).

Game began 2026-05-18 08:27:58, ended 2026-05-18 08:59:50.

08245982402, chaotic female orcish Barbarian

                                                             .
                                                     -...   ..--
                                               G   ---.<.-- --(-
                                                   |......---.....
                                            h-..   |.----.....)...
                                            .@.h...|.|  ---.-.....
                                            -.%.*.^..|
                                             .....----

08245982402 the Pillager   St:18/01 Dx:17 Co:18 In:7 Wi:7 Ch:7  Chaotic
Dlvl:4  $:62 HP:0(58) Pw:8(8) AC:10 Xp:5 T:2129 

Latest messages:
 H - 2 darts.
 You are carrying too much to get through.
 You are carrying too much to get through.
 You are carrying too much to get through.
 You are carrying too much to get through.
 You hear crashing rock.
 You kill the gnome!
 Welcome to experience level 5.
 r - 8 darts (at the ready) (16 in total).
 I - a blue gem.
 An arrow shoots out at you!
 You are hit by an arrow.
 You smite the gnome!
 The dwarf wields a dwarvish short sword!
 You kill the gnome!
 The gnome drinks a dark green potion!
 The gnome seems more experienced.
 You see here a blue gem.
 Your coyote corpse rots away.
 The gnome hits!
 You kill the gnome!
 You have a little trouble lifting a gnome corpse.  Continue? [ynq] (q) n
 J - an expensive camera.
 K - a green gem.
 The gnome wields 5 daggers!
 The dwarf thrusts her dwarvish short sword.
 The dwarf hits!
 You miss the dwarf.
 You miss the dwarf.
 The dwarf thrusts her dwarvish short sword.
 The dwarf hits!
 The gnome shoots 2 crossbow bolts!
 You are hit by the 1st crossbow bolt.
 You are hit by the 2nd crossbow bolt.
 You kill the gnome!
 The dwarf thrusts her dwarvish short sword.
 The dwarf hits!
 You see here 5 daggers.
 The dwarf swings her dwarvish mattock.
 The dwarf hits!
 L - 5 daggers.
 You miss the dwarf.
 The dwarf swings her dwarvish mattock.
 The dwarf hits!
 You die...
 Do you want your possessions identified? [ynq] (y) y
 Do you want to see your attributes? [ynq] (y) y
 Do you want an account of creatures vanquished? [ynaq] (y) y
 Do you want to see your conduct and achievements? [ynq] (y) y
 Do you want to see the dungeon overview? [ynq] (y) y

Inventory:
 Coins    ('$')
  $ - 62 gold pieces
 Weapons  (')')
  y - 9 poisoned +0 arrows
  z - a cursed +0 bow
  H - 2 blessed +1 darts
  r - 16 +0 darts (at the ready)
  L - 5 +0 daggers
  s - a cursed -1 aklys
  B - a +0 dwarvish mattock
  C - a +0 dwarvish short sword
  a - a corroded +0 two-handed sword (weapon in hands)
 Armor    ('[')
  D - an uncursed +0 dwarvish iron helm
  E - an uncursed +0 pair of iron shoes
  l - an uncursed +0 large shield
 Scrolls  ('?')
  w - 3 uncursed scrolls of blank paper
  x - a cursed scroll of blank paper
 Potions  ('!')
  A - a blessed potion of extra healing
  F - an uncursed potion of healing
 Wands    ('/')
  u - a wand of stasis (0:3)
 Tools    ('(')
  n - a frost horn (0:7)
  J - an expensive camera (0:51)
 Gems/Stones  ('*')
  K - an uncursed turquoise stone
  I - an uncursed worthless piece of blue glass
  G - an uncursed worthless piece of yellow glass

08245982402 the Barbarian's attributes:

Background:
 You were a Pillager, a level 5 female orcish Barbarian.
 You were chaotic, on a mission for Set
 who was opposed by Mitra (lawful) and Crom (neutral).
 You were right-handed.
 You were in the Gnomish Mines, on level 4.
 You entered the dungeon 2129 turns ago.
 There was a new moon in effect when your adventure ended.
 You had 190 experience points, 130 more were needed to attain level 6.

Basics:
 You had 0 out of 58 hit points.
 You had all 8 energy points (spell power).
 Your armor class was 10.
 Your wallet contained 62 zorkmids.
 Autopickup was off.

Final Characteristics:
 Your strength was 18/01 (limit:18/50).
 Your dexterity was 17 (limit:18).
 Your constitution was 18 (limit:18).
 Your intelligence was 7 (limit:16).
 Your wisdom was 7 (limit:16).
 Your charisma was 7 (limit:16).

Final Status:
 You weren't hungry.
 You were unencumbered.
 You were wielding a two-handed sword.
 You had basic skill with two-handed sword.
 You weren't wearing any armor.

Final Attributes:
 You were piously aligned.
 You were poison resistant.
 You had infravision.
 You are dead.

Miscellaneous:
 You didn't encounter any bones levels.
 Total elapsed playing time was 31 minutes and 51 seconds.

Major events:
 Turn
    1: 08245982402 the chaotic female orcish Barbarian entered the dungeon
  907: attained the rank of Pillager (level 3)
 2067: entered the Gnomish Mines
 2129: killed by a dwarf

You didn't know any spells.

Skills:
 Fighting Skills
   bare handed combat [Basic]
   two weapon combat  [Unskilled]
   riding             [Unskilled]
 Weapon Skills
   dagger             [Unskilled]
   axe                [Basic]
   pick-axe           [Unskilled]
   short sword        [Unskilled]
   broadsword         [Unskilled]
   long sword         [Unskilled]
   two-handed sword   [Basic]
   saber              [Unskilled]
   club               [Unskilled]
   mace               [Unskilled]
   morning star       [Unskilled]
   flail              [Unskilled]
   hammer             [Unskilled]
   quarterstaff       [Unskilled]
   spear              [Unskilled]
   trident            [Unskilled]
   bow                [Unskilled]
 Spellcasting Skills
   attack spells      [Unskilled]
   escape spells      [Unskilled]

Voluntary challenges:
 Character rerolling was not enabled.
 You were illiterate.
 You never genocided any monsters.
 You never polymorphed an object.
 You used no wishes.
Achievements:
 You entered a shop.
 You attained the rank of Pillager.
 You entered the Gnomish Mines.

 The Dungeons of Doom: levels 1 to 5
    Level 1:
       A fountain, a sink.
    Level 2:
       A general store, a fountain.
    Level 3:
       A ring shop, a fountain.
       Stairs down to The Gnomish Mines.
    Level 4:
    Level 5:
       A food shop.
 The Gnomish Mines:
    Level 4: <- You were here.
       Final resting place for
          you, killed by a dwarf.


Vanquished creatures:
  a paper golem
  2 little dogs
  2 floating eyes
  a kitten
  a dwarf
  a wererat
  2 iguanas
 an acid blob
  4 coyotes
  a gas spore
  a red mold
  8 gnomes
  a gnome zombie
  a gecko
  a jackal
  a kobold
  a goblin
  5 sewer rats
  7 grid bugs
  2 lichens
  a kobold zombie
  a newt
46 creatures vanquished.

No species were genocided or became extinct.

Game over:
                       ----------
                      /          \
                     /    REST    \
                    /      IN      \
                   /     PEACE      \
                  /                  \
                  |   08245982402    |
                  |      62 Au       |
                  |   killed by a    |
                  |      dwarf       |
                  |                  |
                  |                  |
                  |       2026       |
                 *|     *  *  *      | *
        _________)/\\_//(\/(/\)/\//\/|_)_______

Goodbye 08245982402 the Barbarian...

You died in The Gnomish Mines on dungeon level 4 with 1026 points,
and 62 pieces of gold, after 2129 moves.
You were level 5 with a maximum of 58 hit points when you died.

